 Dungeon Crawl Stone Soup version 0.29.1-1-gd02db6906a (webtiles) character file.

Game seed: 5987741677045078686

34573 groovy9 the Skirmisher (level 14, -1/91 (92) HPs)
             Began as a Formicid Hunter on Sept 18, 2022.
             Was a High Priest of Hepliaklqana.
             Slain by an orc warlord
             ... wielding a +0 battleaxe
              (27 damage)
             ... on level 1 of the Orcish Mines.
             The game lasted 01:15:45 (17299 turns).

groovy9 the Skirmisher (Formicid Hunter)           Turns: 17299, Time: 01:15:46

HP:   -1/91 (92)    AC: 19    Str: 15    XL:     14   Next: 14%
MP:   19/21         EV: 14    Int: 11    God:    Hepliaklqana [*****.]
Gold: 509           SH:  5    Dex: 21    Spells: 3/13 levels left

rFire   . . .      SeeInvis +   a - +4 arbalest (freeze)
rCold   . . .      Faith    .   (no shield)
rNeg    . . .      Spirit   .   q - quicksilver dragon scales
rPois   +          Reflect  +   (helmet unavailable)
rElec   .          Harm     .   F - +1 cloak
rCorr   .          Rampage  ∞   x - +0 pair of gloves
Will    +++..                   G - +3 pair of seven-league boots {Rampage+∞}
Stlth   ..........              D - amulet of reflection
HPRegen 0.25/turn               f - ring of poison resistance
MPRegen 0.17/turn               z - ring of willpower

@: silenced, wereblooded, lightly drained
A: reduced essence, permanent stasis, dig shafts and tunnels, antennae 3, four
strong arms
a: Dig, Shaft Self, Renounce Religion


You were on level 1 of the Orcish Mines.
You worshipped Hepliaklqana.
Hepliaklqana was extremely pleased with you.
You visited 4 branches of the dungeon, and saw 18 of its levels.

You collected 1039 gold pieces.
You spent 530 gold pieces at shops.

Inventory:

Hand Weapons
 a - a +4 arbalest of freezing (weapon)
 b - a +2 dagger of protection
 c - the +1 dagger of Upsyo {pain, Fly rF- Str+3}
   (You found it on level 4 of the Lair of Beasts)

   In the hands of one skilled in necromantic magic, it inflicts extra damage on
   living creatures.
   Str:       It affects your strength (+3).
   rF:        It makes you vulnerable to fire.
   Fly:       It grants you flight.
Missiles
 r - 2 throwing nets
 B - a curare-tipped dart
Armour
 q - quicksilver dragon scales (worn)
 x - a +0 pair of gloves (worn)
 E - a +0 tower shield
 F - a +1 cloak (worn)
 G - the +3 pair of seven-league boots (worn) {Rampage+∞}
   (You found it on level 1 of the Lair of Beasts)

   Its wearer moves as far as possible in that direction when moving towards
   enemies.
Jewellery
 f - a ring of poison resistance (left hand)
 n - a +4 ring of protection
 u - a ring of protection from fire
 w - a +4 ring of evasion
 z - a ring of willpower (right hand)
 D - an amulet of reflection (around neck)
 R - an amulet of the acrobat
Wands
 e - a wand of digging (15)
 j - a wand of flame (41)
 s - a wand of polymorph (7)
 v - a wand of roots (10)
 y - a wand of mindburst (11)
 A - a wand of acid (8)
 M - a wand of charming (13)
Scrolls
 g - 4 scrolls of enchant armour
 l - 3 scrolls of poison
 m - 3 scrolls of immolation
 o - 2 scrolls of amnesia
 p - a scroll of torment
 t - a scroll of blinking
 C - 4 scrolls of magic mapping
 H - a scroll of enchant weapon
 I - 4 scrolls of identify
 L - 4 scrolls of butterflies
 O - a scroll of silence
 Q - 2 scrolls of vulnerability
Potions
 d - 2 potions of magic
 h - 4 potions of flight
 i - 6 potions of curing
 k - 7 potions of mutation
 J - 2 potions of attraction
 K - 3 potions of brilliance
 N - 2 potions of heal wounds
 P - a potion of ambrosia


   Skills:
 + Level 7.2 Fighting
 + Level 12.8 Ranged Weapons
 + Level 6.7 Armour
 + Level 6.1 Dodging
 - Level 1.2 Stealth
 + Level 8.1 Shields
 + Level 7.2 Hexes
 - Level 10.0 Transmutations
 - Level 5.0 Earth Magic
 - Level 10.0 Invocations
 + Level 6.6 Evocations


You had 3 spell levels left.
You knew the following spells:

 Your Spells              Type           Power      Damage    Failure   Level
a - Beastly Appendage     Tmut           44%        N/A       1%          1
b - Wereblood             Tmut           22%        N/A       1%          2
c - Passwall              Tmut/Erth      13%        N/A       4%          2
d - Cause Fear            Hex            8%         N/A       32%         4
e - Slow                  Hex            64%        N/A       3%          1

Your spell library contained the following spells:

 Spells                   Type           Power      Damage    Failure   Level
 Sandblast                Erth           22%        2d7       9%          1
 Confusing Touch          Hex            16%        N/A       10%         3
 Ensorcelled Hibernation  Hex/Ice        16%        N/A       22%         2
 Spider Form              Tmut/Pois      11%        N/A       24%         3
 Inner Flame              Hex/Fire       8%         N/A       41%         3
 Summon Guardian Golem    Hex/Summ       8%         N/A       41%         3
 Freeze                   Ice            0%         1d3       54%         1
 Magic Dart               Conj           0%         1d3       54%         1
 Summon Small Mammal      Summ           0%         N/A       54%         1
 Stone Arrow              Conj/Erth      10%        3d7       56%         3
 Call Imp                 Summ           0%         N/A       67%         2
 Call Canine Familiar     Summ           0%         N/A       88%         3
 Frozen Ramparts          Ice            0%         1d1       88%         3
 Mephitic Cloud           Conj/Pois/Air  0%         N/A       88%         3
 Vampiric Draining        Necr           0%         2d6       88%         3
 Fulminant Prism          Conj/Hex       4%         3d6       82%         4
 Animate Armour           Summ/Erth      10%        N/A       92%         4
 Lee's Rapid Deconstruct  Erth           5%         3d7*      92%         5
 Hailstorm                Conj/Ice       0%         3d3       99%         4
 Iskenderun's Mystic Bla  Conj/Tloc      0%         2d3       99%         4
 Dispersal                Tloc           0%         N/A       100%        6
 Orb of Destruction       Conj           0%         9d5       100%        7
 Spellforged Servitor     Conj/Summ      0%         N/A       100%        7
 Discord                  Hex            8%         N/A       100%        8
 Disjunction              Tloc           0%         N/A       100%        8
 Lehudib's Crystal Spear  Conj/Erth      2%         10d2      100%        8
 Swiftness                Air            Unusable   N/A       N/A         3

Dungeon Overview and Level Annotations

Branches:
Dungeon (12/15)            Temple (1/1) D:7            Lair (4/5) D:8
 Shoals (0/4) Lair:2       Spider (0/4) Lair:3          Orc (1/2) D:12
  Slime: Lair:4-5

Altars:
Ashenzari
Cheibriados
Dithmenos
Elyvilon
Fedhas
Gozag
Hepliaklqana
Kikubaaqudgha
Makhleb
Nemelex Xobeh
Okawaru
Qazlal
Ru
Sif Muna
Trog
Uskayaw
Vehumet
Wu Jian
Xom
Yredelemnul
Zin
The Shining One

Shops:
D:1 (*(*:   D:9 *!


Innate Abilities, Weirdness & Mutations

Your life essence is reduced to manifest your ancestor. (-10% HP)
You cannot be hasted, slowed, berserked, paralysed or teleported.
You can dig through walls and to a lower floor.
You have a pair of large antennae on your head. (SInv)
Your four strong arms can wield two-handed weapons with a shield.


Message History

The orc warrior hits Psammuthes with a +0 hand axe!
An orc wizard comes into view. It is wielding a +0 dagger.
Fire: a) +4 arbalest (freeze)
Press: ? - help, Q - select action, (/) - cycle Shift-Dir - straight line, f - orc warlord, p - orc warrior
Aim: an orc warlord, wielding a +0 battleaxe and wearing a +0 chain mail (lightly wounded, 76% to hit)
You shoot a bolt. Psammuthes avoids your attack.
The bolt hits the orc warlord!
The bolt freezes the orc warlord.
The orc warlord is lightly wounded.
Psammuthes barely misses the orc warrior.
Psammuthes blocks the orc warrior's attack.
The orc warlord hits Psammuthes with a +0 battleaxe!
Psammuthes is destroyed!
The orc wizard moves out of view.
Adjust (i)tems, (s)pells, or (a)bilities?
Okay, then.
Casting: Wereblood (safe; 1% risk of failure)
Confirm with . or Enter, or press ? or * to list all spells.
Aiming: Slow (safe; 3% risk of failure)
Press: ? - help, Shift-Dir - straight line, f/p - orc warlord
Aim: an orc warlord, wielding a +0 battleaxe and wearing a +0 chain mail (lightly wounded, chance to affect: 22%)
The orc warlord resists with almost no effort.
As you read the scroll of silence, it crumbles to dust.
A profound silence engulfs you.
The orc warlord hits you but does no damage.
Fire: a) +4 arbalest (freeze)
Press: ? - help, Q - select action, (/) - cycle Shift-Dir - straight line, f/p - orc warlord
Aim: an orc warlord, wielding a +0 battleaxe and wearing a +0 chain mail (silenced, lightly wounded, 76% to hit)
You shoot a bolt. The bolt hits the orc warlord!
The bolt freezes the orc warlord.
The orc warlord is moderately wounded.
The orc warlord hits you with a +0 battleaxe! x2
* * * LOW HITPOINT WARNING * * *
Fire: a) +4 arbalest (freeze)
Press: ? - help, Q - select action, (/) - cycle Shift-Dir - straight line, f/p - orc warlord
Aim: an orc warlord, wielding a +0 battleaxe and wearing a +0 chain mail (silenced, moderately wounded, 76% to hit)
You shoot a bolt. The bolt hits the orc warlord!
The bolt freezes the orc warlord.
The orc warlord is heavily wounded.
The orc warlord hits you with a +0 battleaxe!!
You die...

....... ....... ####
...)... ##≈≈##
.......##≈≈≈≈##
....#....§§.§.# .
.......)o....## .
...)..)ooo....## .# .....
......{#o##....## #.##....
.o{....##@#≈#...###..#....
o.4.).. ######...# .......
.o{)... ##..## #.....#


oo..... #≈..≈# #...... ......# #.§.## #..... ...... ###..≈≈## #....# ##≈..§≈§≈#
#..... #≈≈≈.#≈≈≈# ##.... #≈≈≈.##### #.... You could see an orc warlord, 2 orc
warriors and an orc (strong).

Vanquished Creatures
  2 hydras
  3 boulder beetles
  A two-headed ogre (D:8)
  A catoblepas (Lair:3)
  5 death yaks (Lair:4)
  A deep elf pyromancer (D:12)
  A cyclops (D:11)
  An orc sorcerer (Orc:1)
  2 gargoyles
  11 cane toads
  An unseen horror (D:11)
  2 komodo dragons
  A rime drake (Lair:1)
  7 trolls
  A wolf spider simulacrum (D:12)
  3 blink frogs (Lair:2)
  Grinder (D:4)
  A snapping turtle (Lair:2)
  A dream sheep (Lair:1)
  19 yaks
  3 wyverns
  Eustachio (D:6)
  3 steam dragons
  7 vampire mosquitoes (D:12)
  A warg (D:12)
  An acid dragon (D:10)
  9 water moccasins
  Duvessa (D:6)
  2 black bears
  5 orc warriors
  9 wolves
  3 centaurs
  2 ogres
  2 phantoms
  2 kobold brigands
  7 bullfrogs
  A gnoll sergeant (D:9)
  A necrophage (D:6)
  3 scorpions
  8 wights
  Dowan (D:6)
  6 howler monkeys
  2 electric eels
  4 jellies
  2 lava snakes (Orc:1)
  6 orc priests
  4 hounds
  2 gnoll boudas
  Jessica (D:3)
  4 iguanas
  Ijyb (D:3)
  9 orc wizards
  2 hell rats (Lair:4)
  A mummy (D:8)
  Robin (D:4)
  24 gnolls
  8 adders
  4 white imps
  3 ufetubi
  2 worms (D:2)
  4 dart slugs
  25 orcs
  9 bats
  7 endoplasms
  6 giant cockroaches
  16 goblins
  16 hobgoblins
  7 jackals (D:4)
  4 quokkas
  12 ball pythons
  6 frilled lizards
  A hobgoblin zombie (D:8)
  24 kobolds
  2 kobold zombies (D:8)
  An orc zombie (D:8)
  7 rats
370 creatures vanquished.

Vanquished Creatures (collateral kills)
  Gastronok (Orc:1)
  A hydra (Lair:3)
  A death yak (Lair:4)
  An orc sorcerer (Orc:1)
  A guardian serpent (Lair:1)
  A black mamba (Lair:4)
  A cane toad (Lair:4)
  3 trolls
  A blink frog (Lair:2)
  3 wraiths
  A wyvern (Lair:1)
  A basilisk (Lair:3)
  8 yaks
  A warg (D:12)
  A water moccasin (Lair:1)
  4 orc warriors
  A sky beast (D:7)
  A wolf (Lair:2)
  A centaur (D:12)
  An ogre (Orc:1)
  A bullfrog (Lair:1)
  A gnoll sergeant (D:8)
  A scorpion (D:6)
  4 wights
  3 killer bees (D:8)
  A howler monkey (D:6)
  An orc priest (D:9)
  2 hell rats (Lair:4)
  An orc wizard (Orc:1)
  3 gnolls
  A white imp (D:6)
  6 orcs
  6 kobolds (D:6)
65 creatures vanquished.

Vanquished Creatures (others)
  5 knights
  An ancestor (D:6)
  An orc (Orc:1)
  15 fungi
  34 plants
56 creatures vanquished.

Grand Total: 491 creatures vanquished

Notes
Turn   | Place    | Note
-------+----------+-------------------------------------------
     0 | D:1      | groovy9 the Formicid Hunter began the quest for the Orb.
     0 | D:1      | Reached XP level 1. HP: 16/16 MP: 1/1
    14 | D:1      | Found Qaj Xyi's Book Shoppe.
   144 | D:1      | Reached XP level 2. HP: 22/22 MP: 2/2
   150 | D:1      | Found Duliji's Weapon Shop.
   261 | D:1      | You fall into a shaft and drop 1 floor!
   300 | D:2      | Reached XP level 3. HP: 27/27 MP: 3/3
   334 | D:2      | Reached skill level 5 in Ranged Weapons
   352 | D:1      | Learned a level 1 spell: Beastly Appendage
   360 | D:1      | Found a faded altar of an unknown god.
   728 | D:1      | Found Udiqamp's Assorted Antiques.
   778 | D:1      | Found Xedisire's Assorted Antiques.
   787 | D:1      | Reached skill level 1 in Transmutations
   787 | D:1      | Bought a scroll labelled KAETZA IPPYCEDD for 18 gold pieces
   844 | D:1      | Bought a scroll labelled ZIBLISAAPT for 32 gold pieces
   908 | D:1      | Reached XP level 4. HP: 33/33 MP: 4/4
   941 | D:1      | Found Xaton's Antique Weapon Boutique.
  2057 | D:3      | Reached XP level 5. HP: 28/38 MP: 5/5
  2175 | D:3      | Identified a scroll of acquirement
  2175 | D:3      | Acquired a +4 arbalest of freezing
  2221 | D:3      | Noticed Ijyb
  2226 | D:3      | Killed Ijyb
  2283 | D:3      | Reached skill level 6 in Ranged Weapons
  2283 | D:3      | Reached XP level 6. HP: 44/44 MP: 6/6
  2538 | D:3      | Noticed Jessica
  2539 | D:3      | Killed Jessica
  2622 | D:3      | Learned a level 2 spell: Wereblood
  2625 | D:3      | Learned a level 2 spell: Passwall
  2642 | D:3      | Reached XP level 7. HP: 44/49 MP: 7/7
  2735 | D:3      | Found an opulent altar of Gozag.
  3121 | D:3      | Found a basalt altar of Yredelemnul.
  3133 | D:3      | Found a bloodstained altar of Trog.
  3161 | D:3      | Found a glowing silver altar of Zin.
  3179 | D:3      | Found a hazy altar of Hepliaklqana.
  3185 | D:3      | Became a worshipper of Hepliaklqana the Forgotten
  3271 | D:4      | Noticed Grinder
  3337 | D:4      | Noticed Robin
  3634 | D:4      | Reached skill level 5 in Transmutations
  3671 | D:4      | Found a broken altar of Ashenzari.
  3676 | D:4      | Found a stormy altar of Qazlal.
  3714 | D:4      | Reached skill level 7 in Ranged Weapons
  3725 | D:4      | Killed Robin
  3996 | D:4      | Killed Grinder
  3997 | D:4      | Reached XP level 8. HP: 47/56 MP: 8/8
  4156 | D:5      | Entered Level 5 of the Dungeon
  4341 | D:5      | Reached skill level 8 in Ranged Weapons
  4544 | D:5      | Reached skill level 1 in Earth Magic
  4826 | D:5      | Reached * piety under Hepliaklqana
  5175 | D:6      | Reached skill level 1 in Invocations
  5288 | D:6      | Reached XP level 9. HP: 49/54 MP: 8/10
  5731 | D:6      | Noticed Duvessa
  5737 | D:6      | Noticed Dowan
  5739 | D:6      | Killed Duvessa
  5740 | D:6      | Reached skill level 9 in Ranged Weapons
  5741 | D:6      | Killed Dowan
  5800 | D:6      | Found an iron altar of Okawaru.
  5872 | D:6      | Noticed Eustachio
  5876 | D:6      | Killed Eustachio
  6727 | D:7      | Reached skill level 5 in Earth Magic
  6736 | D:7      | Found a staircase to the Ecumenical Temple.
  6795 | D:7      | Reached XP level 10. HP: 60/60 MP: 13/13
  6857 | D:7      | Reached skill level 5 in Invocations
  6892 | Temple   | Entered the Ecumenical Temple
  7202 | D:7      | Reached ** piety under Hepliaklqana
  7203 | D:7      | Remembered your ancestor Psammuthes as a knight
  7251 | D:7      | Identified the +9 mace "Isykkoemy" {chaos, Str+3 Dex+2}
  7895 | D:8      | Noticed a two-headed ogre
  7901 | D:8      | Killed a two-headed ogre
  7902 | D:8      | Reached skill level 10 in Ranged Weapons
  8172 | D:8      | Reached skill level 10 in Transmutations
  8241 | D:8      | Found a blossoming altar of Fedhas.
  8258 | D:8      | Reached XP level 11. HP: 64/64 MP: 16/16
  8327 | D:8      | Found a staircase to the Lair.
  8802 | D:9      | Reached skill level 11 in Ranged Weapons
  8844 | D:9      | Found Ococ's General Store.
  9042 | D:1      | Bought a book of Hexes for 360 gold pieces
  9047 | D:1      | Learned a level 4 spell: Cause Fear
  9298 | D:9      | Found Suolos's Distillery.
  9305 | D:9      | Reached skill level 1 in Armour
  9305 | D:9      | Reached skill level 1 in Shields
  9305 | D:9      | Reached skill level 1 in Hexes
  9307 | D:9      | Reached skill level 1 in Evocations
  9463 | D:9      | Reached *** piety under Hepliaklqana
  9946 | D:10     | Entered Level 10 of the Dungeon
 10859 | D:11     | Reached **** piety under Hepliaklqana
 10861 | D:11     | Identified the +4 chain mail "Jamiuhila" {Str-4 Dex+4}
 11009 | D:11     | Noticed a cyclops
 11013 | D:11     | Killed a cyclops
 11153 | D:9      | Bought 2 potions of heal wounds for 120 gold pieces
 11196 | Lair:1   | Entered Level 1 of the Lair of Beasts
 11367 | Lair:1   | Noticed a boulder beetle
 11380 | Lair:1   | Killed a boulder beetle
 11381 | Lair:1   | Reached XP level 12. HP: 34/74 MP: 16/18
 11585 | Lair:1   | Noticed a boulder beetle
 11592 | Lair:1   | Killed a boulder beetle
 11610 | Lair:1   | Found the +3 pair of seven-league boots {Rampage+∞}
 12122 | Lair:1   | Noticed a seven-headed hydra
 12129 | Lair:1   | Killed a seven-headed hydra
 12178 | Lair:1   | Reached skill level 12 in Ranged Weapons
 12467 | Lair:2   | Reached skill level 5 in Shields
 12495 | Lair:2   | Learned a level 1 spell: Slow
 12507 | Lair:2   | Reached skill level 5 in Fighting
 12717 | Lair:2   | Reached ***** piety under Hepliaklqana
 12831 | Lair:2   | Found a staircase to the Shoals.
 12960 | Lair:2   | Reached skill level 5 in Hexes
 13296 | Lair:3   | Found a hole to the Spider Nest.
 13380 | Lair:3   | Noticed a four-headed hydra
 13386 | Lair:3   | Killed a four-headed hydra
 13387 | Lair:3   | Reached XP level 13. HP: 82/82 MP: 20/20
 13528 | Lair:3   | Noticed a catoblepas
 13542 | Lair:3   | Killed a catoblepas
 13543 | Lair:3   | Reached skill level 5 in Armour
 13543 | Lair:3   | Reached skill level 10 in Invocations
 13543 | Lair:3   | Reached skill level 5 in Evocations
 14238 | Lair:4   | Identified the +1 dagger of Upsyo {pain, Fly rF- Str+3}
 14473 | Lair:4   | Reached skill level 5 in Dodging
 15773 | D:12     | Noticed a boulder beetle
 15798 | D:12     | Killed a boulder beetle
 16148 | D:12     | Found a staircase to the Orcish Mines.
 16546 | D:12     | Noticed a four-headed hydra
 16549 | D:12     | Killed a four-headed hydra
 16753 | Orc:1    | Entered Level 1 of the Orcish Mines
 16939 | Orc:1    | Noticed Gastronok
 17091 | Orc:1    | Killed Gastronok
 17092 | Orc:1    | Reached XP level 14. HP: 90/92 MP: 16/21
 17281 | Orc:1    | Noticed an orc warlord
 17299 | Orc:1    | Slain by an orc warlord

Illustrated notes

Levels and vault maps discovered:
D:1:      scummos_arrival_checkerplants, layout_loops_ring,
          chequers_ecumenical_altar_simple_redux, serial_shops,
          nicolae_shop_bloodbath_and_beyond, nicolae_lakefront_shop, shop, shop,
          nicolae_shop_behind_doors
D:2:      layout_basic, hangedman_abyss_or_decor_lesser_grid,
          minmay_misc_feat_pillars, minmay_joined_circles
D:3:      layout_basic, mainiacjoe_overflow_tiny_flanked,
          nicolae_overflow_quartered_altars, bh_walls_and_bars, uniq_ijyb,
          uniq_jessica
D:4:      layout_cave_pools, grunt_temple_overflow_open, minmay_pentomino_pile,
          uniq_grinder, uniq_robin
D:5:      layout_cave_pods
D:6:      kennysheep_kobold_camp, layout_basic, okawaru_trees_1, minmay_puff,
          uniq_eustachio, uniq_duvessa
D:7:      layout_basic, minmay_temple_entry_proselytizer,
          kennysheep_generic_room_8
D:8:      layout_rooms, fedhas_altar_3, lair_entry_dummy, minmay_mini_ossuary
D:9:      layout_stronghold, serial_shops, nicolae_lakefront_shop,
          nicolae_shop_waterfront, minmay_misc_feat_four_crosses
D:10:     layout_irregular_city
D:11:     layout_big_octagon
D:12:     layout_long_grid, orc_0_dummy
Temple:   oiseaux_autumnal_temple
Lair:1:   layout_loops_ring, hellmonk_guarded_unrand_seven_league_boots,
          serial_bayou_shore_b
Lair:2:   layout_long_grid, minmay_shoals_entry_hut, grunt_megastairs_5
Lair:3:   layout_chaotic_city, spider_nest_entry_web_field,
          chequers_serial_rivers_small_3, serial_bayou_shore_a,
          grunt_megastairs_1, serial_bayou_shore_b
Lair:4:   layout_cave_pods
Orc:1:    layout_caves, nicolae_orc_lava_tube, uniq_gastronok

Skill      XL: |  1  2  3  4  5  6  7  8  9 10 11 12 13 14 |
---------------+-------------------------------------------+-----
Ranged Weapons | 5 6 7 8 9 10 11 12 | 12.8
Transmutations | 1 2 3 4 5 7 8 10 | 10.0
Earth Magic    | 2 5 |  5.0
Invocations    | 1 4 7 9 10 | 10.0
Armour         | 3 4 6 |  6.7
Dodging        | 3 4 6 |  6.1
Shields        | 3 5 7 8 |  8.1
Hexes          | 3 5 7 |  7.2
Evocations     | 2 4 6 |  6.6
Fighting       | 3 5 7 |  7.2
Stealth        | |  1.2

Action                   |  1- 3 |  4- 6 |  7- 9 | 10-12 | 13-15 || total
-------------------------+-------+-------+-------+-------+-------++-------
 Fire: Shortbow          |    74 |    84 |       |       |       ||   158
       Arbalest          |       |    44 |   245 |   335 |   213 ||   837
 Cast: Beastly Appendage |       |       |     2 |     1 |     1 ||     4
       Wereblood         |       |       |     1 |       |     2 ||     3
       Slow              |       |       |       |       |     3 ||     3
Invok: Recall Ancestor   |       |       |     1 |     7 |     4 ||    12
       Ancestor Life: Kn |       |       |       |     1 |       ||     1
       Idealise          |       |       |       |       |     2 ||     2
 Abil: Dig               |     2 |     4 |     6 |    10 |    12 ||    34
Evoke: Wand              |       |       |       |     6 |       ||     6
  Use: Scroll            |       |    12 |     6 |     9 |     1 ||    28
       Potion            |       |       |     4 |     5 |     1 ||    10
Armor: Leather armour    |     8 |     8 |       |       |       ||    16
       Quicksilver drago |       |     4 |    50 |    24 |    24 ||   102
       Skin              |       |       |       |    62 |       ||    62
Dodge: Dodged            |     8 |    37 |    58 |    45 |    29 ||   177
Block: Other             |       |       |       |     9 |    18 ||    27
       Reflection        |       |       |       |       |     3 ||     3
